 Dungeon Crawl Stone Soup version 0.28.0 (webtiles) character file.

Game seed: 1748764993396806677

327 danielguo94 the Cudgeller (level 6, -13/38 HPs)
             Began as a Gargoyle Fighter on Feb 8, 2022.
             Mangled by Edmund (15 damage)
             ... on level 4 of the Dungeon.
             The game lasted 00:03:33 (2392 turns).

danielguo94 the Cudgeller (Gargoyle Fighter)        Turns: 2392, Time: 00:03:34

Health: -13/38     AC: 11    Str: 22    XL:     6   Next: 50%
Magic:  6/6        EV:  9    Int:  8    God:
Gold:   51         SH:  4    Dex:  9    Spells: 5/5 levels left

rFire   . . .      SeeInvis +   a - +0 flail
rCold   . . .      Faith    .   c - +0 buckler
rNeg    + . .      Spirit   .   b - +0 scale mail
rPois   ∞          Reflect  .   (no helmet)
rElec   +          Harm     .   (no cloak)
rCorr   .          Rampage  .   (no gloves)
Will    .....                   (no boots)
Stlth   ..........              (no amulet)
HPRegen 0.12/turn               p - ring of see invisible
MPRegen 0.10/turn               (no ring)

@: mighty
A: sickness immunity, AC +4, negative energy resistance 1, electricity
resistance, torment resistance 1, petrification resistance
a: no special abilities


You were on level 4 of the Dungeon.
You visited 1 branch of the dungeon, and saw 4 of its levels.

You collected 177 gold pieces.
You spent 126 gold pieces at shops.

Inventory:

Hand Weapons
 a - a +0 flail (weapon)
Missiles
 f - 130 stones (quivered)
 n - 5 poisoned darts
Armour
 b - a +0 scale mail (worn)
 c - a +0 buckler (worn)
Jewellery
 p - a ring of see invisible (left hand)
Wands
 k - a wand of polymorph (10)
Potions
 e - 5 potions of curing
 g - 2 potions of mutation
 h - 2 potions of degeneration {unknown}
 i - a potion of ambrosia {unknown}
 j - a potion of brilliance {unknown}
 l - 2 potions of resistance {unknown}
 m - a potion of haste {unknown}
 o - 4 potions of magic {unknown}


   Skills:
 + Level 3.8 Fighting
 * Level 5.3 Maces & Flails
 + Level 4.1 Armour
 + Level 1.1 Dodging
 + Level 3.9 Shields


You had 5 spell levels left.
You didn't know any spells.
Your spell library contained the following spells:

 Spells                   Type           Power      Damage    Failure   Level
 Ozocubu's Armour         Ice            0%         N/A       99%         3
 Metabolic Englaciation   Hex/Ice        0%         N/A       100%        5
 Simulacrum               Ice/Necr       0%         N/A       100%        6


Dungeon Overview and Level Annotations

Branches:
Dungeon (4/15)
 Temple: D:4-7

Altars:

Shops:
D:2 ::*(

Annotations:
D:3 2 transporters, hikkokomori's ghost, amateur MiHu
D:4 Edmund


Innate Abilities, Weirdness & Mutations

You are immune to sickness and miasma.
Your stone body is resilient. (AC +4)
You are immune to poison.
You resist negative energy. (rN+)
You are resistant to electric shocks. (rElec)
You are resistant to unholy torment.
You are immune to petrification.


Message History

You sock the bullfrog!
You kill the bullfrog!
No target in view!
No target in view!
There is a stone staircase leading down here.
You start resting.
HP restored.
You climb downwards.
Level annotation: Edmund The endoplasm quivers.
Found a coral ring.
There is a stone staircase leading up here.
You hit the endoplasm.
You kill the endoplasm!
No target in view!
No target in view!
Found 17 arrows.
p - a ring of see invisible
p - a ring of see invisible (left hand) Edmund shouts!
You feel very mighty all of a sudden.
Edmund drinks a potion.
Edmund seems to grow stronger.
Edmund hits you with a +1 flail of protection!
You sock Edmund!
Edmund is lightly wounded.
Edmund hits you with a +1 flail of protection!
Edmund asks, "Have you met my wondrous brother?"
You feel better. You block Edmund's attack.
You hit Edmund but do no damage.
Edmund is lightly wounded.
Edmund hits you with a +1 flail of protection.
You hit Edmund.
Edmund is moderately wounded.
You block Edmund's attack.
You barely miss Edmund.
Edmund is moderately wounded.
Edmund hits you with a +1 flail of protection!
* * * LOW HITPOINT WARNING * * *
Edmund hits you with a +1 flail of protection!
You die...

#.#..###.###.##.
####.###.###.#
#.##. #...#
##.##.# #.##. #.
#.##.# #.###.#
#.##. #. #.# .#.
#.# #.##. #. #.#
#.# #.# #.##.
#.##.####.# #..
.....
#.........##
#.###
##.#..@@...# #.
###.#.####...# #.
#...............
#. #
##.#.#.####...###
#F ####.#....#.#
##.... #.
............#
##### #.
#####.<.#.##
#..F.... ##.##.#
.....### ..##.#
#.##


You could see Edmund (strong).

Vanquished Creatures
  A scorpion (D:3)
  2 bullfrogs (D:3)
  A hound (D:2)
  An adder (D:2)
  4 dart slugs
  8 orcs
  5 ball pythons
  6 bats
  5 endoplasms
  4 giant cockroaches
  8 goblins
  16 hobgoblins
  5 quokkas
  5 frilled lizards
  7 kobolds
  4 rats
82 creatures vanquished.

Notes
Turn   | Place    | Note
-------+----------+-------------------------------------------
     0 | D:1      | danielguo94 the Gargoyle Fighter began the quest for the
                  | Orb.
     0 | D:1      | Reached XP level 1. HP: 14/14 MP: 1/1
   169 | D:1      | Reached XP level 2. HP: 19/19 MP: 2/2
   334 | D:1      | Reached XP level 3. HP: 13/23 MP: 3/3
   753 | D:1      | Reached skill level 3 in Maces & Flails
   892 | D:2      | Reached XP level 4. HP: 19/28 MP: 4/4
   958 | D:2      | Found Xautonkustep's Book Shop.
   966 | D:2      | Found Redwue's Assorted Antiques.
  1005 | D:2      | Bought an amethyst potion for 18 gold pieces
  1153 | D:2      | Found Goar Nif's Book Shop.
  1338 | D:2      | Found Faatuut's Weapon Shoppe.
  1534 | D:3      | Noticed a scorpion
  1545 | D:3      | Killed a scorpion
  1546 | D:3      | Reached skill level 4 in Maces & Flails
  1546 | D:3      | Reached skill level 1 in Dodging
  1546 | D:3      | Reached XP level 5. HP: 23/33 MP: 5/5
  1633 | D:3      | Found a transporter.
  1633 | D:3      | Noticed hikkokomori's ghost (amateur MiHu)
  1762 | D:3      | Found a transporter.
  1776 | D:3      | Reached XP level 6. HP: 38/38 MP: 6/6
  1840 | D:3      | Reached skill level 5 in Maces & Flails
  2073 | D:2      | Bought 3 fuming black potions for 54 gold pieces
  2073 | D:2      | Bought a white potion for 18 gold pieces
  2073 | D:2      | Bought 2 white potions for 36 gold pieces
  2301 | D:4      | Noticed Edmund
  2392 | D:4      | Mangled by Edmund

Illustrated notes

Levels and vault maps discovered:
D:1:      dpeg_arrival_morbid_curiosity, layout_loops_ring
D:2:      layout_rooms, serial_shops, shop, nicolae_shop_bloodbath_and_beyond,
          shop, nicolae_square_shop
D:3:      layout_rooms, gammafunk_ghost_arena
D:4:      layout_loops_ring, uniq_edmund

Skill      XL: |  1  2  3  4  5  6 |
---------------+-------------------+-----
Maces & Flails | 3 4 5 |  5.3
Dodging        | 1 |  1.1
Armour         | 4 |  4.1
Fighting       | |  3.8
Shields        | |  3.9

Action                   |  1- 3 |  4- 6 || total
-------------------------+-------+-------++-------
Melee: Flail             |   131 |   120 ||   251
  Use: Scroll            |       |     2 ||     2
       Potion            |       |     2 ||     2
Armor: Scale mail        |    78 |    50 ||   128
Dodge: Dodged            |    65 |    66 ||   131
Block: Buckler           |    34 |    24 ||    58
